 Dungeon Crawl Stone Soup version 0.25.1-8-g42b30a86e7 (webtiles) character file.

Game seed: 6306124751408461811

4582 Clowwww the Cleaver (level 10, -1/79 HPs)
             Began as a Demonspawn Fighter on Dec 27, 2020.
             Slain by a tentacled starspawn (2 damage)
             ... on level 1 of the Abyss.
             The game lasted 00:14:55 (7266 turns).

Clowwww the Cleaver (Demonspawn Fighter)            Turns: 7266, Time: 00:14:57

Health: -1/79      AC: 13    Str: 19    XL:     10   Next: 18%
Magic:  0/10       EV: 10    Int: 11    God:
Gold:   326        SH: 16    Dex: 12    Spells: 9/9 levels left

rFire    + . .     SeeInvis .   a - +2 war axe
rCold    . . .     Gourm    .   c - +1 kite shield
rNeg     . . .     Faith    .   q - +2 ring mail {rF+}
rPois    .         Spirit   +   (no helmet)
rElec    .         Reflect  +   (no cloak)
rCorr    .         Harm     .   (no gloves)
MR       .....                  (no boots)
Stlth    +.........             l - amulet of reflection
HPRegen  0.23/turn              t - +4 ring of protection
MPRegen  0.12/turn              (no ring)

@: hasted, very quick
A: claws 2, rugged brown scales 1, spiny 1, magic shield
a: no special abilities


You were on level 1 of the Abyss.
You were not hungry.

You visited 2 branches of the dungeon, and saw 9 of its levels.
You visited the Abyss 1 time.

You collected 326 gold pieces.

Inventory:

Hand Weapons
 a - a +2 war axe (weapon)
Missiles
 g - 5 javelins
 k - a boomerang (quivered)
Armour
 c - a +1 kite shield (worn)
 q - a +2 ring mail of fire resistance (worn)
Jewellery
 l - an amulet of reflection (around neck)
 t - a +4 ring of protection (left claw)
Wands
 b - a wand of paralysis (21)
 h - a wand of flame (24)
 n - a wand of iceblast (10)
 z - a wand of polymorph (9)
Scrolls
 d - a scroll of teleportation
 j - a scroll of immolation
 m - a scroll of enchant armour
 o - 2 scrolls of identify
 p - 2 scrolls of fear
 v - a scroll of acquirement {unknown}
 w - a scroll of remove curse
 x - a scroll of blinking
 y - a scroll of fog
Potions
 e - a potion of brilliance
 r - 4 potions of lignification
 s - a potion of haste
 u - a potion of heal wounds
 A - a potion of magic {unknown}
Comestibles
 f - 13 rations
 i - 4 chunks of flesh


   Skills:
 + Level 6.3 Fighting
 + Level 8.7 Axes
 + Level 3.0 Throwing
 + Level 5.0 Armour
 + Level 3.5 Dodging
 + Level 1.4 Stealth
 + Level 7.0 Shields


You had 9 spell levels left.
You didn't know any spells.
Your spell library was empty.

Dungeon Overview and Level Annotations

Branches:
Dungeon (10/15)            Temple (1/1) D:6            Lair (0/6) D:10
    Orc: D:9-12

Altars:
Ashenzari
Cheibriados
Dithmenos
Fedhas
Gozag
Hepliaklqana
Kikubaaqudgha
Makhleb
Nemelex Xobeh
Qazlal
Sif Muna
Uskayaw
Vehumet
Yredelemnul
Zin

Shops:
D:4 [(}%[

Annotations:
D:10 Sonja


Innate Abilities, Weirdness & Mutations

You have very sharp fingernails.
You are partially covered in rugged brown scales. (AC +1, +3% HP)
You are partially covered in sharp spines.
When hurt, damage is shared between your health and your magic reserves.


Message History

Unknown command.
You slash the tentacled starspawn!
The tentacled starspawn is moderately damaged.
You hit the starspawn tentacle. You slash the starspawn tentacle!
You hit the tentacled starspawn but do no damage.
The tentacled starspawn is heavily damaged.
You hit the starspawn tentacle.
You hit the starspawn tentacle but do no damage.
The tentacled starspawn is struck by your spines.
The tentacled starspawn bites you!!
* * * LOW HITPOINT WARNING * * *
The tentacled starspawn engulfs you.
* * * LOW HITPOINT WARNING * * *
You slash the tentacled starspawn!
The tentacled starspawn is severely damaged.
You hit the starspawn tentacle.
You hit the starspawn tentacle but do no damage.
You block the tentacled starspawn's attack.
The tentacled starspawn engulfs you.
You die...

..#.
.##......... #.
... #.#..... #.
##.#.#3
.#...###..
.....#..#...
#.#..#
#.....5....#.##
.#.
#..5#......#....
#3#.#.# ..# #
##Xw##.##.# .
#.@w##..###.#
#..!..# .... ##
#ยง#.###.#.#..
.. #. . #.###
... .. #.. .# .#
... . # #.. ...


You could see a tentacled starspawn, a ynoxinul, 2 starspawn tentacles and 2
ufetubi.

Vanquished Creatures
  An unseen horror (D:10)
  A komodo dragon (D:10)
  2 polar bears (D:10)
  Duvessa (D:5)
  A water moccasin (D:6)
  4 ice beasts
  2 orc warriors (D:7)
  A sky beast (D:10)
  A phantom (D:5)
  2 wolves (D:10)
  An ogre (D:4)
  A centaur (D:6)
  Blork the orc (D:5)
  A big kobold (D:10)
  2 bullfrogs
  Dowan (D:5)
  A water moccasin skeleton (D:5)
  3 scorpions
  5 killer bees (D:10)
  4 howler monkeys
  3 crimson imps
  A jelly (D:6)
  A quasit (D:7)
  2 centaur zombies
  2 hounds
  4 orc priests
  A bullfrog skeleton (D:5)
  A wyvern simulacrum (D:10)
  3 orc wizards
  A centaur skeleton (D:4)
  Jessica (D:3)
  An iguana (D:6)
  5 worker ants
  A bullfrog simulacrum (D:10)
  2 centaur simulacra (D:10)
  2 worker ant zombies
  3 gnolls (D:3)
  5 adders
  A white imp (D:10)
  2 ufetubi (D:10)
  4 worms
  3 dart slugs
  17 orcs
  6 bats
  7 giant cockroaches
  5 goblins
  6 hobgoblins
  8 jackals
  2 frilled lizards
  A giant cockroach zombie (D:5)
  8 kobolds
  A quokka skeleton (D:6)
  A quokka zombie (D:6)
  9 rats
156 creatures vanquished.

Notes
Turn   | Place    | Note
-------+----------+-------------------------------------------
     0 | D:1      | Clowwww the Demonspawn Fighter began the quest for the Orb.
     0 | D:1      | Reached XP level 1. HP: 18/18 MP: 1/1
   274 | D:1      | Gained mutation: You are partially covered in rugged brown
                  | scales. (AC +1, +3% HP) [demonic ancestry]
   274 | D:1      | Reached XP level 2. HP: 18/24 MP: 2/2
   291 | D:1      | Reached skill level 2 in Axes
  1129 | D:2      | Reached XP level 3. HP: 29/29 MP: 3/3
  1428 | D:2      | Found a basalt altar of Yredelemnul.
  2060 | D:3      | Noticed Jessica
  2079 | D:3      | Killed Jessica
  2079 | D:3      | Reached skill level 3 in Axes
  2079 | D:3      | Gained mutation: You are partially covered in sharp spines.
                  | [demonic ancestry]
  2079 | D:3      | Reached XP level 4. HP: 15/36 MP: 4/4
  2575 | D:3      | Found a shimmering blue altar of Sif Muna.
  2994 | D:4      | Gained mutation: When hurt, damage is shared between your
                  | health and your magic reserves. [demonic ancestry]
  2994 | D:4      | Reached XP level 5. HP: 42/42 MP: 5/5
  3085 | D:4      | Found a shadowy altar of Dithmenos.
  3136 | D:4      | Noticed an ogre
  3145 | D:4      | Killed an ogre
  3145 | D:4      | Reached skill level 4 in Axes
  3145 | D:4      | Reached skill level 1 in Throwing
  3310 | D:4      | Gained mutation: You have sharp fingernails. [demonic
                  | ancestry]
  3310 | D:4      | Reached XP level 6. HP: 48/48 MP: 6/6
  3313 | D:4      | Found a burning altar of Makhleb.
  3333 | D:4      | Found Nacsoatz's Armour Shoppe.
  3393 | D:4      | Found Nuogubuc's Food Shoppe.
  3429 | D:4      | Found Sykoscha's Armour Boutique.
  3514 | D:4      | Found Muploh's Gadget Shoppe.
  3522 | D:4      | Found Ewonacad's Antique Weapon Boutique.
  3560 | D:4      | Reached skill level 1 in Dodging
  3621 | D:5      | Entered Level 5 of the Dungeon
  3676 | D:5      | Reached XP level 7. HP: 18/54 MP: 4/7
  4015 | D:5      | Reached skill level 5 in Axes
  4045 | D:5      | Noticed Blork the orc
  4057 | D:5      | Killed Blork the orc
  4299 | D:5      | Noticed Dowan
  4300 | D:5      | Noticed Duvessa
  4318 | D:5      | Killed Duvessa
  4318 | D:5      | Reached skill level 1 in Stealth
  4320 | D:5      | Killed Dowan
  4320 | D:5      | Reached XP level 8. HP: 53/62 MP: 8/8
  4531 | D:5      | Found a stormy altar of Qazlal.
  5096 | D:6      | Reached skill level 5 in Fighting
  5096 | D:6      | Reached skill level 5 in Shields
  5265 | D:6      | Reached skill level 6 in Axes
  5399 | D:6      | Found a staircase to the Ecumenical Temple.
  5407 | Temple   | Entered the Ecumenical Temple
  6017 | D:7      | Reached XP level 9. HP: 20/70 MP: 2/9
  6415 | D:7      | Found a blossoming altar of Fedhas.
  6439 | D:7      | You fall into a shaft and drop 3 floors!
  6439 | D:10     | Entered Level 10 of the Dungeon
  6451 | D:10     | Reached skill level 7 in Axes
  6457 | D:10     | Noticed a polar bear
  6470 | D:10     | Killed a polar bear
  6470 | D:10     | Killed an unseen horror
  6470 | D:10     | Reached skill level 8 in Axes
  6609 | D:10     | Gained mutation: You have very sharp fingernails. [demonic
                  | ancestry]
  6609 | D:10     | Reached XP level 10. HP: 55/78 MP: 7/10
  6900 | D:10     | Found a staircase to the Lair.
  6958 | D:10     | Reached skill level 5 in Armour
  7221 | D:10     | Noticed Sonja
  7226 | D:10     | Cast into level 1 of the Abyss (Sonja)
  7257 | Abyss:1  | Noticed a tentacled starspawn
  7265 | Abyss:1  | HP: 1/79 [tentacled starspawn (4)]
  7266 | Abyss:1  | Slain by a tentacled starspawn

Illustrated notes

Levels and vault maps discovered:
D:1:      minmay_arrival_arboretum_small, layout_basic
D:2:      layout_loops_corners, lemuel_doored_altar, serial_rivers,
          chequers_serial_rivers_large_a, chequers_serial_rivers_micro_b,
          chequers_serial_rivers_micro_d, chequers_serial_rivers_room_a,
          chequers_serial_rivers_small_3, chequers_serial_rivers_marsh,
          kennysheep_generic_room_12
D:3:      layout_loops_ring, nicolae_overflow_crystal_walls, first_ration,
          kennysheep_generic_room_6, uniq_jessica
D:4:      layout_rooms, lemuel_crystal_altar, nicolae_dithmenos_shadow_blocks,
          serial_shops, kennysheep_mini_moat, nicolae_shop_behind_doors, shop,
          shop_statue, shop
D:5:      layout_cave_pools, lemuel_coloured_pillars_altar,
          hangedman_decor_growths, uniq_duvessa, uniq_blork_the_orc
D:6:      layout_gridville, minmay_temple_entry_hall
D:7:      layout_basic, fedhas_ov_isle_minmay
D:10:     layout_basic, lair_entry_dummy, orc_0_dummy, serial_ice, serial_ice_d,
          serial_ice_o, serial_ice_b, serial_ice_m, serial_ice_a, serial_ice_j,
          serial_ice_f, serial_ice_g, uniq_josephine, uniq_sonja
Temple:   compressed_dpeg_triangle_lava_temple
Abyss:1:  base:
D:13

Skill      XL: |  1  2  3  4  5  6  7  8  9 10 |
---------------+-------------------------------+-----
Shields        | 3 4 5 6 7 |  7.0
Axes           | 2 3 4 5 6 8 |  8.7
Armour         | 3 4 5 |  5.0
Throwing       | 1 2 3 |  3.0
Dodging        | 1 2 3 |  3.5
Fighting       | 4 5 6 |  6.3
Stealth        | 1 |  1.4

Action                   |  1- 3 |  4- 6 |  7- 9 | 10-12 || total
-------------------------+-------+-------+-------+-------++-------
Melee: War axe           |   121 |   100 |   273 |    39 ||   533
Throw: Boomerang         |     2 |    27 |    40 |       ||    69
  Use: Potion            |     1 |       |     3 |     1 ||     5
       Scroll            |       |    13 |     7 |       ||    20
  Eat: Chunk             |     2 |     7 |    10 |     2 ||    21
Armor: Scale mail        |    52 |    43 |    39 |       ||   134
       Ring mail         |       |       |    64 |    10 ||    74
Dodge: Dodged            |    26 |    23 |    70 |    16 ||   135
Block: Kite shield       |    72 |    77 |   242 |    31 ||   422
       Reflection        |       |       |    11 |     1 ||    12
